 Dungeon Crawl Stone Soup version 0.26-a0-658-gbdda728c12 (webtiles) character file.

Game seed: 3919034706399275170

43 flotson the Chucker (level 3, -1/28 HPs)
             Began as a Merfolk Hunter on Oct 4, 2020.
             Slain by a killer bee (6 damage)
             ... on level 2 of the Dungeon.
             The game lasted 00:03:28 (2035 turns).

flotson the Chucker (Merfolk Hunter)                Turns: 2035, Time: 00:03:29

Health: -1/28      AC:  5    Str: 11 (13) XL:     3   Next: 58%
Magic:  3/3        EV: 11    Int: 13 (16) God:
Gold:   68         SH:  0    Dex: 11 (14) Spells: 2/2 levels left

rFire    . . .     SeeInvis .   a - +1 short sword (drain)
rCold    . . .     Faith    .   (no shield)
rNeg     . . .     Spirit   .   o - +0 ring mail
rPois    .         Reflect  .   (no helmet)
rElec    .         Harm     .   (no cloak)
rCorr    .         Rampage  .   (no gloves)
MR       .....                  (no boots)
Stlth    +.........             (no amulet)
HPRegen  0.09/turn              b - +6 ring of intelligence
MPRegen  0.08/turn              (no ring)

@: mighty, brilliant, lethally poisoned (-1 -> -12), lightly drained
A: change form in water, swift swim, stealthy swim
a: no special abilities


You were on level 2 of the Dungeon.
You visited 1 branch of the dungeon, and saw 2 of its levels.

You collected 68 gold pieces.

Inventory:

Hand Weapons
 a - a +1 short sword of draining (weapon)
Missiles
 d - 2 throwing nets
 p - 3 poisoned darts
 q - 3 javelins (quivered)
Armour
 g - a cursed -2 plate armour
 o - a +0 ring mail (worn)
Jewellery
 b - a +6 ring of intelligence (left hand)
Scrolls
 c - 2 scrolls of identify {unknown}
 h - 2 scrolls of enchant weapon
 k - a scroll of fog {unknown}
 l - a scroll of blinking {unknown}
 n - 2 scrolls of magic mapping {unknown}


   Skills:
 + Level 2.5(2.4) Fighting
 + Level 1.3(1.2) Short Blades
 + Level 4.3(4.2) Throwing
 + Level 0.7(0.6) Armour
 + Level 3.0(2.8) Dodging
 + Level 1.6(1.5) Stealth


You had 2 spell levels left.
You didn't know any spells.
Your spell library was empty.

Dungeon Overview and Level Annotations

Branches:
Dungeon (2/15)

Altars:
Cheibriados
Okawaru
Vehumet


Message History

The killer bee closely misses you.
The killer bee stings you but does no damage.
You puncture the killer bee!
The killer bee is heavily wounded.
The killer bee stings you but does no damage. x2
You closely miss the killer bee.
The killer bee is heavily wounded.
You feel sick. The killer bee stings you.
* * * LOW HITPOINT WARNING * * *
You are lethally poisoned!
The killer bee poisons you! The killer bee closely misses you.
You barely miss the killer bee.
The killer bee is heavily wounded.
* * * LOW HITPOINT WARNING * * *
You feel sick. The killer bee barely misses you. x2
You closely miss the killer bee.
The killer bee is heavily wounded.
* * * LOW HITPOINT WARNING * * *
You feel sick. The killer bee stings you.
You die...

.......###....#.#..###.#......#..
...........##.#.##.# #.#......#..
...........##.#.##.# #.###.####^.
...........##.#.##)# #.###.####..
....######.##.#.##.###...........
....# ####.##.#.......####.####..
..... ........####.##.# #.......
###. #.......####..#.# ##...#...
...(.....y@.....###...###..
#.......#####..###.........
...(......# ##.#....#...).#
##.........# #.#...##.._..#
#.........# #.#....#.).).#
.......†..# #.............
..........# ##.......###..
..........# #........#...
.y........# ##..........#


You could see a killer bee.

Vanquished Creatures
  An adder (D:1)
  2 worms (D:2)
  3 dart slugs (D:2)
  A leopard gecko (D:1)
  2 bats (D:2)
  3 hobgoblins
  4 frilled lizards (D:1)
  4 goblins
  3 kobolds
23 creatures vanquished.

Notes
Turn   | Place    | Note
-------+----------+-------------------------------------------
     0 | D:1      | flotson the Merfolk Hunter began the quest for the Orb.
     0 | D:1      | Reached XP level 1. HP: 16/16 MP: 1/1
   564 | D:1      | Reached XP level 2. HP: 19/22 MP: 2/2
   976 | D:2      | Found an iron altar of Okawaru.
  1463 | D:2      | Reached skill level 1 in Short Blades
  1685 | D:2      | Reached XP level 3. HP: 28/28 MP: 3/3
  1710 | D:2      | Found a radiant altar of Vehumet.
  1715 | D:2      | Noticed a killer bee
  1715 | D:2      | Noticed a killer bee
  1715 | D:2      | Noticed a killer bee
  1715 | D:2      | Noticed a killer bee
  1715 | D:2      | Noticed a killer bee
  1716 | D:2      | Noticed a killer bee
  1855 | D:2      | Found a snail-covered altar of Cheibriados.
  2035 | D:2      | Slain by a killer bee

Illustrated notes

Levels and vault maps discovered:
D:1:      minmay_arrival_stair_chambers, layout_basic
D:2:      layout_basic, cheibriados_altar_1, nicolae_overflow_hidden_temple,
          okawaru_ov_weapons_minmay

Skill      XL: |  1  2  3 |
---------------+----------+-----
Short Blades   | 1 |  1.3
Dodging        | 3 |  3.0
Fighting       | |  2.5
Throwing       | |  4.3
Armour         | |  0.7
Stealth        | |  1.6

Action                   || total
-------------------------++-------
Melee: Short sword       ||    76
Throw: Javelin           ||    16
       Throwing net      ||     1
  Use: Potion            ||     4
       Scroll            ||     3
 Stab: Sleeping          ||     1
Armor: Leather armour    ||    11
       Ring mail         ||    13
Dodge: Dodged            ||    55

Table legend: (Time is in decaauts)
 A = Elapsed time spent in this place.
 B = Non-inter-level travel time spent in this place.
 C = Inter-level travel time spent in this place.
 D = Time resting spent in this place.
 E = Time spent auto-exploring this place.
 F = Levels seen in this place.
 G = Mean time per level.
                   A        B        C        D        E       F      G
               +--------+--------+--------+--------+--------+-----+--------+
         Total |   2046 |   2021 |     25 |    200 |   1534 |   2 | 1023.0 |
       Dungeon |   2046 |   2021 |     25 |    200 |   1534 |   2 | 1023.0 |
               +--------+--------+--------+--------+--------+-----+--------+

Top non-repeatable levels by time:
     D:1: 1188 daAuts
     D:2: 858 daAuts
